 Dungeon Crawl Stone Soup version 0.31.0-11-ge490571c62 (webtiles) character file.

Game seed: 8902092038660662437

41 qw the Shooter (level 3, -1/20 HPs)
             Began as a Deep Elf Hunter on Feb 4, 2024.
             Slain by a goblin
             ... wielding a +0 dagger
             ... led by Robin
              (2 damage)
             ... on level 2 of the Dungeon.
             The game lasted 00:00:04 (925 turns).

qw the Shooter (Deep Elf Hunter)                     Turns: 925, Time: 00:00:04

Health: -1/20      AC:  6    Str: 10    XL:     3   Next: 32%
Magic:  5/5        EV: 11    Int: 13    God:
Gold:   52         SH:  0    Dex: 18    Spells: 2/2 levels left

rFire   . . .        a - +1 shortbow
rCold   . . .        (shield currently unavailable)
rNeg    . . .        k - +0 ring mail
rPois   .            (no helmet)
rElec   .            j - +0 cloak
rCorr   .            (no gloves)
SInv    .            (no boots)
Will    .....        (no amulet)
Stlth   +            (no ring)
HPRegen 0.23/turn    (no ring)
MPRegen 0.09/turn

%: no passive effects
@: no status effects
A: no striking features
a: no special abilities


You were on level 2 of the Dungeon.
You visited 1 branch of the dungeon, and saw 2 of its levels.

You collected 52 gold pieces.


   Skills:
 - Level 1.5 Fighting
 + Level 6.9 Ranged Weapons
 - Level 2.4 Dodging
 - Level 1.2 Stealth


You had 2 spell levels left.
You didn't know any spells.
Your spell library was empty.

Inventory:

Hand Weapons
 a - a +1 shortbow (weapon)
Armour
 j - a +0 cloak (worn)
 k - a +0 ring mail (worn)
Potions
 f - a potion of curing
 g - a potion of lignification {unknown}

Dungeon Overview and Level Annotations

Branches:
Dungeon (2/15)

Altars:

Annotations:
D:2 Robin


Message History

The goblin hits you with a +0 club. The goblin barely misses you.
The goblin hits you but does no damage. x2
You shoot an arrow. The arrow barely misses the hobgoblin.
Robin roars a battlecry!
The goblin goes into a battle-frenzy!
The hobgoblin closely misses you. The goblin misses you.
The goblin closely misses you.
You shoot an arrow. The arrow closely misses the hobgoblin.
The hobgoblin closely misses you. The endoplasm freezes you.
You are frozen.
The goblin closely misses you. The goblin hits you but does no damage.
You shoot an arrow. The arrow hits the hobgoblin.
You kill the hobgoblin!
The endoplasm freezes you.
You are frozen.
The goblin hits you but does no damage. The goblin closely misses you.
You shoot an arrow. The arrow hits the goblin.
You kill the goblin!
The goblin misses you. The endoplasm freezes you.
You are frozen.
The goblin hits you but does no damage.
You shoot an arrow. The arrow hits the goblin.
The goblin is severely wounded.
Robin throws the goblin at you! The endoplasm freezes you.
You are frozen.
The goblin hits you with a +0 club. The goblin hits you but does no damage.
The goblin hits you with a +0 club. The goblin barely misses you. x2
The endoplasm jiggles.
The endoplasm misses you. The goblin barely misses you.
You shoot an arrow. The arrow hits the goblin!
You kill the goblin!
Robin barely misses you. The goblin hits you with a +0 dagger.
The goblin hits you but does no damage. The endoplasm closely misses you.
You shoot an arrow. The arrow hits Robin!
Robin is heavily wounded.
Robin closely misses you. The goblin barely misses you.
The endoplasm barely misses you. The goblin hits you with a +0 dagger.
You die...

%....##..#####.#
####........##.###
#.##.>##......#
#.##..##......#
#.##..##......#
#.##..##......#
#.##.###......########
#.##.# #.#....g.<.....
..##.# #.#..J@#######.
..#..ggggg..# #
#.#.#.#.#..#
#...........
#.#.#.#.#..#
#..........#
#.#.#.#.#..#
...........#


You could see Robin, an endoplasm and 5 goblins.

Vanquished Creatures
  A ball python (D:1)
  5 bats (D:1)
  An endoplasm (D:1)
  A giant cockroach (D:1)
  2 goblins (D:2)
  10 hobgoblins
  7 jackals (D:1)
  A frilled lizard (D:1)
  5 kobolds (D:1)
  A rat (D:2)
34 creatures vanquished.

Notes
Turn   | Place    | Note
-------+----------+-------------------------------------------
     0 | D:1      | qw the Deep Elf Hunter began the quest for the Orb.
     0 | D:1      | Reached XP level 1. HP: 12/12 MP: 3/3
     0 | D:1      | 0 ||| qw: Version: 0.3-a-160-g6735b56
     0 | D:1      | 0 ||| qw: Game counter: 5087
     0 | D:1      | 0 ||| qw: Melee chars always use a shield: true
     0 | D:1      | 0 ||| qw: God list: Okawaru
     0 | D:1      | 0 ||| qw: Allow faded altars: false
     0 | D:1      | 0 ||| qw: Do Orc after clearing Dungeon:15 true
     0 | D:1      | 0 ||| qw: Do second Lair branch before Depths: true
     0 | D:1      | 0 ||| qw: Lair rune preference: random
     0 | D:1      | 0 ||| qw: Goals: Normal
     0 | D:1      | 0 ||| PLANNING D:1-11
    65 | D:1      | Reached skill level 6 in Ranged Weapons
    65 | D:1      | Reached XP level 2. HP: 16/16 MP: 4/4
   438 | D:1      | Found a faded altar of an unknown god.
   525 | D:1      | Reached XP level 3. HP: 20/20 MP: 5/5
   754 | D:1      | 754 ||| UPGRADING to +0 cloak.
   759 | D:1      | 759 ||| UPGRADING to +0 ring mail.
   769 | D:1      | 769 ||| DROPPING +0 leather armour.
   770 | D:1      | 770 ||| DROPPING +0 leather armour of positive energy.
   771 | D:1      | 771 ||| READING scroll labelled TONOGO FUOHU.
   772 | D:1      | 772 ||| READING scroll labelled PAATUR BYEC.
   772 | D:1      | 772 ||| IDENTIFYING yellow potion
   773 | D:1      | 773 ||| READING 2 scrolls labelled DIWAFA ITHI.
   774 | D:1      | 774 ||| READING scroll labelled JUCEOPS AZIA.
   774 | D:1      | 774 ||| ENCHANTING +0 shortbow.
   775 | D:1      | 775 ||| DROPPING scroll of butterflies.
   776 | D:1      | 776 ||| DROPPING scroll of fear.
   854 | D:2      | 854 ||| STAIRDANCE
   873 | D:2      | 873 ||| STAIRDANCE
   914 | D:2      | Noticed Robin
   923 | D:2      | HP: 3/20 [goblin/+0 club[Robin] (3)]
   924 | D:2      | HP: 1/20 [goblin/+0 dagger[Robin] (2)]
   925 | D:2      | Slain by a goblin

Levels and vault maps discovered:
D:1:      lightli_arrival_chessboard, layout_loops_ring,
          ebering_ecumenical_altar_abandoned, kennysheep_small_spiral
D:2:      minmay_thinvault, layout_loops_ring, serial_glass, glass_columns_c,
          glass_columns_a, nicolae_hexahallways, kennysheep_generic_room_10,
          uniq_crazy_yiuf_cottage, uniq_robin

Skill      XL: |  1 |
---------------+----+-----
Ranged Weapons | 6 |  6.9
Fighting       | |  1.5
Dodging        | |  2.4
Stealth        | |  1.2

Action                     || total
---------------------------++-------
   Fire: Shortbow          ||    91
    Use: Scroll            ||     4
 Armour: Leather armour    ||    14
         Ring mail         ||    15
  Dodge: Dodged            ||    40

Table legend:
 A = Non-vault XP
 B = Vault XP
 C = Vault XP percentage of total XP
 D = Non-vault monster count
 E = Vault monster count
 F = Vault count percentage of total count
                 A         B        C        D         E       F
            +---------+---------+-------+---------+---------+-------
      Total |      50 |       9 |  15.3 |      29 |       5 |  14.7
            +---------+---------+-------+---------+---------+-------
        D:1 |      49 |       0 |   0.0 |      28 |       0 |   0.0
        D:2 |       1 |       9 |  90.0 |       1 |       5 |  83.3
            +---------+---------+-------+---------+---------+-------
